 Dungeon Crawl Stone Soup version 0.29-a0-307-gecccbbdb84 (webtiles) character file.

Game seed: 13785508531636816694

146 Armakuni the Magician (level 5, 0/35 HPs)
             Began as a Human Wanderer on Mar 23, 2022.
             Slain by a dart slug (2 damage)
             ... on level 4 of the Dungeon on Mar 27, 2022.
             The game lasted 00:08:12 (2917 turns).

Armakuni the Magician (Human Wanderer)              Turns: 2917, Time: 00:08:12

Health: 0/35       AC:  3    Str: 16    XL:     5   Next: 53%
Magic:  4/12       EV: 12    Int: 11    God:
Gold:   46         SH:  0    Dex: 14    Spells: 12/14 levels left

rFire   . . .      SeeInvis .   a - +2 rapier
rCold   . . .      Faith    .   (no shield)
rNeg    . . .      Spirit   .   d - +0 leather armour
rPois   .          Reflect  .   (no helmet)
rElec   .          Harm     .   (no cloak)
rCorr   +          Rampage  .   b - +0 pair of gloves
Will    .....      Rnd*Tele +   f - +0 pair of boots
Stlth   +.........              (no amulet)
HPRegen 0.11/turn               K - ring of resist corrosion
MPRegen 0.13/turn               (no ring)

@: lethally poisoned (0 -> -5)
A: deformed body, strong 1, teleportitis 1
a: no special abilities


You were on level 4 of the Dungeon.
You visited 1 branch of the dungeon, and saw 4 of its levels.

You collected 68 gold pieces.
You spent 22 gold pieces at shops.

Inventory:

Hand Weapons
 a - a +2 rapier (weapon)
Armour
 b - a +0 pair of gloves (worn)
 d - a +0 leather armour (worn)
 f - a +0 pair of boots (worn)
 i - a +0 ring mail
Jewellery
 K - a ring of resist corrosion (left hand)
Wands
 m - a wand of mindburst (8)
Scrolls
 c - a scroll of fog
 e - a scroll of identify
 l - 3 scrolls of blinking


   Skills:
 - Level 2.0 Axes
 - Level 2.0 Dodging
 - Level 5.0 Spellcasting
 - Level 2.0 Air Magic
 - Level 4.0 Poison Magic
 + Level 1.3 Evocations


You had 12 spell levels left.
You knew the following spells:

 Your Spells              Type           Power      Damage    Failure   Level
z - Poisonous Vapours     Pois/Air       18%        N/A       12%         2

Your spell library contained the following spells:

 Spells                   Type           Power      Damage    Failure   Level
 Corpse Rot               Necr/Air       8%         N/A       26%         2


Dungeon Overview and Level Annotations

Branches:
Dungeon (3/15)

Altars:

Shops:
D:2 [**!


Innate Abilities, Weirdness & Mutations

Armour fits poorly on your strangely shaped body.
Your muscles are strong. (Str +2)
You are occasionally teleported next to monsters.


Message History

The kobold hits you with a +0 short sword.
You closely miss the adder.
The adder is severely wounded.
The adder bites you but does no damage. The kobold hits you but does no damage.
The adder closely misses you.
You closely miss the adder.
The adder is severely wounded.
The kobold barely misses you. The adder bites you.
The kobold barely misses you.
You hit the adder but do no damage.
The adder is severely wounded.
The adder bites you.
You are poisoned.
The adder poisons you! The adder bites you.
You are more poisoned.
The adder poisons you!
The kobold hits you with a +0 short sword.
You are too injured to fight recklessly!
You are too injured to fight recklessly!
You miss the adder.
The adder is almost dead.
* * * LOW HITPOINT WARNING * * *
You feel very sick. The adder barely misses you.
The kobold hits you with a +0 short sword.
* * * LOW HITPOINT WARNING * * *
The adder bites you but does no damage.
You barely miss the adder.
The adder is almost dead.
* * * LOW HITPOINT WARNING * * *
You feel sick. The kobold barely misses you. The adder closely misses you.
You hit the adder.
You kill the adder!
* * * LOW HITPOINT WARNING * * *
You feel sick. The kobold hits you but does no damage.
* * * LOW HITPOINT WARNING * * *
You feel sick. The kobold barely misses you.
The dart slug briefly extends its eye-stalks.
The dart slug bites you.
You die...

...!.... ...............
......<........
...............
#.....................
#.....................
#.....................#
###..............w......##
................@.........
.................K......##
..............[...........
........................#
......†.................+
.........†..............#
........................#
......†.................#
.......+########+.†.....#


You could see a dart slug and a kobold.

Vanquished Creatures
  2 gnolls
  6 adders
  3 dart slugs
  6 bats
  5 endoplasms
  6 hobgoblins
  A jackal (D:4)
  8 kobolds
  6 ball pythons
  3 frilled lizards
  A goblin (D:2)
  2 rats
49 creatures vanquished.

Vanquished Creatures (collateral kills)
  2 gnolls (D:2)
2 creatures vanquished.

Vanquished Creatures (others)
  2 plants (D:2)
2 creatures vanquished.

Grand Total: 53 creatures vanquished

Notes
Turn   | Place    | Note
-------+----------+-------------------------------------------
     0 | D:1      | Armakuni the Human Wanderer began the quest for the Orb.
     0 | D:1      | Armakuni set off with the following items: a +2 hand axe, a
                  | +0 pair of gloves, a scroll of fog, a +0 leather armour;
                  | and the following spells available to memorise: Corpse Rot,
                  | Poisonous Vapours
     0 | D:1      | Reached XP level 1. HP: 13/13 MP: 6/6
   189 | D:1      | Reached XP level 2. HP: 17/19 MP: 8/8
   192 | D:1      | Learned a level 2 spell: Poisonous Vapours
   473 | D:1      | Reached skill level 1 in Poison Magic
   798 | D:2      | Reached XP level 3. HP: 22/24 MP: 9/9
   877 | D:2      | Found Wuroof's Distillery.
  1112 | D:1      | Gained mutation: Your muscles are strong. (Str +2) [potion
                  | of mutation]
  1112 | D:1      | Gained mutation: You are occasionally teleported next to
                  | monsters. [potion of mutation]
  1112 | D:1      | Gained mutation: Your spells are a little harder to cast,
                  | but a little more powerful. [potion of mutation]
  1118 | D:1      | Reached XP level 4. HP: 3/30 MP: 1/11
  1556 | D:2      | Upgraded the game from 0.29-a0-298-g3c90f9a769 to
                  | 0.29-a0-307-gecccbbdb84
  1886 | D:2      | Found Keoner's Assorted Antiques.
  1895 | D:2      | Bought a scroll labelled BOUROO RUJEXI for 22 gold pieces
  1905 | D:2      | Reached XP level 5. HP: 35/35 MP: 4/12
  2500 | D:2      | Found Koafeidoa's Antique Armour Emporium.
  2681 | D:2      | Found Fomon's Assorted Antiques.
  2774 | D:3      | You fall into a shaft and drop 1 floor!
  2857 | D:4      | Lost mutation: Your muscles are strong. (Str +2) [potion of
                  | mutation]
  2857 | D:4      | Lost mutation: Your spells are a little harder to cast, but
                  | a little more powerful. [potion of mutation]
  2857 | D:4      | Gained mutation: Armour fits poorly on your strangely
                  | shaped body. [potion of mutation]
  2857 | D:4      | Gained mutation: Your muscles are strong. (Str +2) [potion
                  | of mutation]
  2884 | D:4      | Reached skill level 1 in Evocations
  2917 | D:4      | Slain by a dart slug

Illustrated notes

Levels and vault maps discovered:
D:1:      tarquinn_simple_flora_water_a, layout_basic
D:2:      layout_rooms, serial_shops, nicolae_shop_overgrown_old_shop,
          nicolae_shop_statue_plus, nicolae_shop_stone, nicolae_shop_stone,
          grunt_decor_resistance
D:3:      layout_basic, gup_sewer_entry_bowl, basic_ecumenical_altar
D:4:      layout_basic, grunt_temple_overflow_open, kennysheep_mini_moat,
          serial_shops, nicolae_lakefront_shop, minivault_11, minmay_bent

Skill      XL: |  1  2  3  4  5 |
---------------+----------------+-----
Air Magic      | 2 |  2.0
Poison Magic   | 1 2 3 4 |  4.0
Evocations     | 1 |  1.3
Axes           | |  2.0
Dodging        | |  2.0
Spellcasting   | |  5.0

Action                   |  1- 3 |  4- 6 || total
-------------------------+-------+-------++-------
Melee: Hand axe          |    24 |       ||    24
       Rapier            |    33 |    53 ||    86
 Cast: Poisonous Vapours |    13 |    33 ||    46
  Use: Scroll            |     3 |     4 ||     7
       Potion            |     3 |     1 ||     4
Armor: Leather armour    |    20 |    35 ||    55
Dodge: Dodged            |    54 |    49 ||   103

Table legend: (Time is in decaauts)
 A = Elapsed time spent in this place.
 B = Non-inter-level travel time spent in this place.
 C = Inter-level travel time spent in this place.
 D = Time resting spent in this place.
 E = Time spent auto-exploring this place.
 F = Levels seen in this place.
 G = Mean time per level.
                   A        B        C        D        E       F      G
               +--------+--------+--------+--------+--------+-----+--------+
         Total |   2939 |   2871 |     68 |    729 |   1558 |   4 |  734.8 |
       Dungeon |   2939 |   2871 |     68 |    729 |   1558 |   4 |  734.8 |
               +--------+--------+--------+--------+--------+-----+--------+

Top non-repeatable levels by time:
     D:2: 1631 daAuts
     D:1: 1154 daAuts
     D:4: 147 daAuts
     D:3: 5 daAuts
